 Dungeon Crawl Stone Soup version 0.27.1-33-g824d729ab1 (webtiles) character file.

Game seed: 4123229459038605102

81 rvierbuc the Chopper (level 4, -8/60 HPs)
             Began as a Minotaur Berserker on Dec 6, 2021.
             Was a Believer of Trog.
             Splashed by Ijyb's acid (16 damage)
             ... on level 3 of the Dungeon.
             The game lasted 00:05:37 (1959 turns).

rvierbuc the Chopper (Minotaur Berserker)           Turns: 1959, Time: 00:05:42

Health: -8/60      AC:  5    Str: 23    XL:     4   Next: 20%
Magic:  3/3        EV:  3    Int:  4    God:    Trog [**....]
Gold:   88         SH: 12    Dex:  9    Spells: 3/3 levels left

rFire    . . .     SeeInvis .   a - +0 hand axe
rCold    . . .     Faith    .   f - +0 tower shield
rNeg     . . .     Spirit   .   g - +0 chain mail
rPois    .         Reflect  .   (helmet restricted)
rElec    .         Harm     .   (no cloak)
rCorr    .         Rampage  .   (no gloves)
Will     .....                  (no boots)
Stlth    ..........             e - amulet of the acrobat
HPRegen  0.20/turn              (no ring)
MPRegen  0.08/turn              (no ring)

@: berserking, corroded, very quick
A: horns 2, retaliatory headbutt
a: Renounce Religion, Berserk, Trog's Hand


You were on level 3 of the Dungeon.
You worshipped Trog.
Trog was pleased with you.
You visited 1 branch of the dungeon, and saw 3 of its levels.

You collected 88 gold pieces.

Inventory:

Hand Weapons
 a - a +0 hand axe (weapon)
Armour
 b - a +0 animal skin
 f - a +0 tower shield (worn)
 g - a +0 chain mail (worn)
Jewellery
 e - an amulet of the acrobat (around neck)
Scrolls
 c - a scroll of teleportation {unknown}
 d - 3 scrolls of identify {unknown}
 h - a scroll of holy word {unknown}
Potions
 i - 2 potions of heal wounds {unknown}


   Skills:
 + Level 4.2 Fighting
 * Level 5.1 Axes
 * Level 2.9 Armour
 + Level 2.4 Dodging
 - Level 0.1 Stealth
 * Level 1.0 Shields


You had 3 spell levels left.
You didn't know any spells.
Your spell library was empty.

Dungeon Overview and Level Annotations

Branches:
Dungeon (3/15)

Altars:
Fedhas

Annotations:
D:3 Ijyb


Innate Abilities, Weirdness & Mutations

You have a pair of horns on your head.
You reflexively headbutt those who attack you in melee.


Message History

The ball python constricts you.
You closely miss the ball python.
The ball python is heavily wounded.
You block the ball python's attack. The ball python constricts you.
The ball python bites you but does no damage.
The ball python constricts you.
You slash the ball python!
You kill the ball python!
Trog accepts your kill.
Found a war axe.
A bat comes into view.
Found a scroll labelled ROITAM JEGOZ.
Ijyb the Twisted Goblin comes into view.
She is wielding a +0 dagger and carrying a wand of acid (10).
Found 12 gold pieces.
Found an escape hatch in the ceiling.
Ijyb shouts!
You block the bat's attack.
You hit the bat.
You kill the bat!
Trog accepts your kill.
You hit Ijyb.
Ijyb is moderately wounded.
Ijyb grins evilly.
Ijyb hits you but does no damage.
A hobgoblin comes into view.
You block Ijyb's attack.
You hit Ijyb but do no damage. Your headbutt misses Ijyb.
Ijyb is moderately wounded.
Ijyb hits you but does no damage.
You slash Ijyb! Your headbutt misses Ijyb.
Ijyb is heavily wounded.
Ijyb zaps a wand.
The bolt of acid hits you!
You are splashed with acid!
Ijyb screams, "Me kill you!" Ijyb hits you but does no damage.
A red film seems to cover your vision as you go berserk!
You feel yourself moving faster!
You feel mighty!
Ijyb screams, "Die!"
Ijyb zaps a wand.
The bolt of acid hits you!
* * * LOW HITPOINT WARNING * * *
The acid corrodes you!
You are splashed with acid!
You die...

#.........# ##.........#
#.#.# ≈ #..........##
#.#.# ≈
#...........###... ≈≈
#.$..............# ≈≈≈
#...)......# #...####≈≈≈
#..........# #.#.....≈≈≈
##........# ##.#.#..≈≈≈≈
......g@..###.....<.≈≈≈o
....<...#........##.≈≈≈≈
....g...#........# .≈≈≈≈
...................≈≈≈≈≈
........#.##.......≈≈≈≈≈
..........#........≈≈≈≈.
..................≈≈≈≈≈.
...?......##......≈≈≈≈≈.
....... ....88≈≈≈


You could see Ijyb and a hobgoblin.

Vanquished Creatures
  An orc wizard (D:2)
  A dart slug (D:1)
  2 orcs (D:2)
  4 endoplasms (D:1)
  2 giant cockroaches (D:1)
  7 goblins
  4 hobgoblins
  7 jackals
  2 kobolds (D:2)
  5 ball pythons
  6 bats
  2 frilled lizards
  2 rats (D:2)
45 creatures vanquished.

Vanquished Creatures (others)
  A plant (D:1)
1 creature vanquished.

Grand Total: 46 creatures vanquished

Notes
Turn   | Place    | Note
-------+----------+-------------------------------------------
     0 | D:1      | rvierbuc the Minotaur Berserker began the quest for the
                  | Orb.
     0 | D:1      | Reached XP level 1. HP: 19/19 MP: 0/0
   153 | D:1      | Found a faded altar of an unknown god.
   186 | D:1      | Reached skill level 4 in Axes
   186 | D:1      | Reached XP level 2. HP: 15/27 MP: 1/1
  1403 | D:2      | Reached XP level 3. HP: 33/33 MP: 2/2
  1432 | D:2      | Reached ** piety under Trog
  1532 | D:2      | Reached skill level 5 in Axes
  1532 | D:2      | Reached XP level 4. HP: 40/40 MP: 3/3
  1781 | D:2      | Found a blossoming altar of Fedhas.
  1823 | D:2      | Reached skill level 1 in Shields
  1952 | D:3      | Noticed Ijyb
  1959 | D:3      | Splashed by Ijyb's acid

Illustrated notes

Levels and vault maps discovered:
D:1:      tarquinn_simple_flora_water_e, layout_basic, serial_rivers,
          chequers_serial_rivers_large_b, chequers_serial_rivers_micro_c,
          chequers_serial_rivers_room_b, chequers_serial_rivers_large_a,
          chequers_serial_rivers_micro_c, chequers_serial_rivers_micro_e,
          shapermc_ecumenical_altar_rom_forum, corexii_leaking_fountain
D:2:      layout_basic, basic_altar
D:3:      wander_river, layout_rooms, uniq_ijyb

Skill      XL: |  1  2  3  4 |
---------------+-------------+-----
Axes           | 4 5 |  5.1
Fighting       | 4 |  4.2
Shields        | 1 |  1.0
Armour         | |  2.9
Dodging        | |  2.4
Stealth        | |  0.1

Action                   |  1- 3 |  4- 6 || total
-------------------------+-------+-------++-------
Melee: Hand axe          |    74 |    20 ||    94
       Headbutt          |     4 |     2 ||     6
Invok: Berserk           |       |     1 ||     1
Armor: Animal skin       |     7 |       ||     7
       Chain mail        |    19 |    17 ||    36
Dodge: Dodged            |    24 |     2 ||    26
Block: Tower shield      |    26 |    16 ||    42
